AoeStats
← Belgianwafflelegend69

Nomad

503807295Analyzed
2v2 RM · 1mo ago on Sep 2, 2026· 59m 12s· 4 players
Game mode
Random Map
Map size
176×176
Population
200
Speed
Normal
Resources
Standard
Victory
Conquest
Starting age
Dark Age
Ending age
Imperial Age
RankedLock teamsTeams togetherTeam positionsShared explorationLock speedFull tech treeHidden civsTurbo modeCheats
Victory
Defeat
🇫🇷 Mongols · France
1043
+17
1034
+18
🇨🇳 Khmer · China
1074
-18
🇨🇳 Persians · China
1073
-18
Belgianwafflelegend69
6:13 Loom
11:48 Double-Bit Axe
15:03 Feudal Age
14:44 Wheelbarrow
15:01 Fishing Lines
16:21 Bow Saw
17:06 Gillnets
20:39 Forging
20:34 Town Watch
21:34 Horse Collar
22:45 Scale Barding Armor
24:13 Hand Cart
27:52 Castle Age
28:02 Stone Mining
30:40 Two-Man Saw
34:23 Stone Shaft Mining
33:38 Gold Mining
37:57 Gold Shaft Mining
38:51 Town Patrol
40:04 Iron Casting
39:21 Fletching
40:00 Burgundian Vineyards
40:57 Husbandry
40:37 Cavalier
45:41 Imperial Age
43:15 Scale Mail Armor
43:11 Bodkin Arrow
44:14 Chain Mail Armor
43:25 Pikeman
45:07 Squires
44:53 Arson
45:57 Chain Barding Armor
46:01 Halberdier
47:41 Heavy Plow
47:38 Paladin
49:49 Blast Furnace
49:25 Plate Barding Armor
49:35 Crop Rotation
49:59 Conscription
50:15 Hoardings
50:28 Light Cavalry
52:49 Coinage
53:04 Hussar
53:53 Bracer
53:53 Padded Archer Armor
54:36 Banking
58:44 Masonry
58:15 Treadmill Crane
58:55 Ballistics
59:36 Chemistry
58:34 Murder Holes
58:57 Leather Archer Armor
59:13 Plate Mail Armor
uselessplayer
5:04 Loom
12:39 Feudal Age
13:44 Double-Bit Axe
15:34 Fletching
20:13 Castle Age
18:52 Town Watch
21:45 Wheelbarrow
21:21 Bow Saw
20:51 Horse Collar
21:04 Gold Mining
22:28 Medium Warships
24:01 Bodkin Arrow
26:07 Clinker Construction
26:07 Careening
27:21 Ballistics
27:02 Padded Archer Armor
29:58 Leather Archer Armor
29:39 Stone Mining
31:00 Fishing Lines
33:54 Gillnets
35:37 Hand Cart
37:55 Imperial Age
35:40 Husbandry
36:36 Scale Barding Armor
38:26 Bloodlines
38:24 Thumb Ring
38:56 Bracer
40:27 Chemistry
38:51 Pikeman
39:37 Squires
41:25 Conscription
41:50 Forging
42:36 Parthian Tactics
43:20 Elite Mangudai
45:31 Chain Barding Armor
45:46 Iron Casting
45:22 Light Cavalry
46:02 Hussar
47:49 Blast Furnace
48:17 Capped Ram
49:20 Drill
49:47 Siege Ram
50:37 Town Patrol
51:31 Onager
53:28 Nomads
54:04 Hoardings
53:34 Siege Onager
56:33 Siege Engineers
MeipuCha
3:07 Loom
14:14 Feudal Age
14:38 Double-Bit Axe
19:48 Castle Age
18:34 Gold Mining
19:11 Stone Mining
29:35 Wheelbarrow
28:46 Town Watch
31:27 Horse Collar
37:51 Imperial Age
38:09 Hand Cart
38:37 Bow Saw
40:15 Gold Shaft Mining
40:15 Stone Shaft Mining
40:59 Stone Shaft Mining
41:14 Ballistics
40:20 Elite Skirmisher
41:24 Conscription
42:27 Devotion
42:23 Herbal Medicine
42:49 Thumb Ring
42:47 Murder Holes
44:17 Squires
44:38 Fletching
44:49 Padded Archer Armor
44:51 Pikeman
45:16 Gambesons
45:16 Arson
47:36 Bodkin Arrow
47:57 Leather Archer Armor
47:42 Scale Mail Armor
47:53 Forging
49:39 Chemistry
49:51 Ring Archer Armor
49:34 Forging
50:59 Ring Archer Armor
54:42 Halberdier
QQmiemie
8:09 Loom
16:48 Feudal Age
22:13 Forging
28:04 Castle Age
28:40 Double-Bit Axe
30:50 Scale Barding Armor
30:46 Padded Archer Armor
33:00 Herbal Medicine
33:28 Ballistics
34:26 Wheelbarrow
35:20 Horse Collar
38:08 Masonry
38:15 Heavy Plow
38:37 Bow Saw
43:03 Tusk Swords
45:49 Imperial Age
43:08 Town Watch
43:40 Hand Cart
43:49 Chain Barding Armor
47:05 Architecture
47:00 Leather Archer Armor
46:31 Heavy Scorpion
48:08 Hoardings
47:44 Siege Engineers
50:01 Chemistry
49:40 Iron Casting
49:51 Double Crossbow
50:11 Conscription
51:32 Murder Holes
52:15 Plate Barding Armor
53:20 Blast Furnace
52:55 Ring Archer Armor
53:05 Ring Archer Armor
53:54 Husbandry
54:05 Bloodlines
53:18 Light Cavalry
54:13 Elite Ballista Elephant
56:16 Gold Mining
Connection lost

Rejoining the realm…

Still unreachable

The connection could not be restored.

Session expired

The server has moved on; the page needs a fresh start.